 Dungeon Sprint DCSS version 0.29-a0-819-g94b489e0ae (webtiles) character file.

Game seed: 4095327845482249353

600000 Ayihk420 the Trooper (level 1, -8/24 HPs)
             Began as an Ogre Berserker on July 6, 2022.
             Was an Initiate of Makhleb.
             Mangled by a meat berserker
             ... wielding a +9 battleaxe
              (32 damage)
             ... in the Dungeon (Sprint VIII: "Arena of Blood").
             The game lasted 00:00:12 (6 turns).

Ayihk420 the Trooper (Ogre Berserker)                  Turns: 6, Time: 00:00:14

Health: -8/24      AC:  3    Str: 20    XL:     1   Next: 0%
Magic:  1/1        EV: 10    Int:  8    God:    Makhleb [......]
Gold:   0          SH:  0    Dex:  8    Spells: 0/0 levels left

rFire   . . .      SeeInvis .   h - +∞ Axe of Woe
rCold   . . .      Faith    .   (shield currently unavailable)
rNeg    . . .      Spirit   .   a - +0 animal skin
rPois   .          Reflect  .   (helmet restricted)
rElec   .          Harm     .   (no cloak)
rCorr   .          Rampage  .   (gloves unavailable)
Will    .....      NoTele   +   (boots unavailable)
Stlth   +.........              (no amulet)
HPRegen 0.08/turn               (no ring)
MPRegen 0.07/turn               (no ring)

@: no status effects
A: large, unfitting armour, tough skin 1
a: Renounce Religion


You were in the Dungeon.
You worshipped Makhleb.
Makhleb was noncommittal.
You visited 1 branch

Inventory:

Hand Weapons
 h - the +∞ Axe of Woe (weapon)
   (You found it in the Dungeon)
Armour
 a - a +0 animal skin (worn)
Scrolls
 g - a scroll of blinking
Potions
 b - a potion of curing
 c - a potion of heal wounds
 d - a potion of haste
 e - 2 potions of magic
 f - a potion of berserk rage


   Skills:
 + Level 4.0 Fighting
 + Level 2.6 Dodging
 + Level 2.6 Unarmed Combat


You couldn't memorise any spells.
You didn't know any spells.
Your spell library was empty.

Dungeon Overview and Level Annotations

Branches:
Dungeon (1/1)

Altars:
Makhleb


Innate Abilities, Weirdness & Mutations

You are too large for most types of armour.
You have tough skin. (AC +1)


Message History

------------------------------------------------------------------------------ ------------------------------------------------------------------------------ -- -- -- The Arena Of Blood -- -- -- -- -- -- -- -- You descend into the pit of gibs and meat, -- -- The sunken abyss of the depraved, -- -- The mill of turgid gutspawn. -- -- The writhen instruments serve in adoration, -- -- Immured beneath a rotten throne. -- -- -- -- Before you lies the servitor of chaos, -- -- The cleaver, -- -- The blasphemer, -- -- The destroyer, -- -- The Axe of Woe. -- -- -- -- Vessel of Makhleb, -- -- You are the unmaker, -- -- You bring the rapture, -- -- The murmurs of the thralls rise... -- -- The theatre of blood begins. -- -- -- ------------------------------------------------------------------------------ ------------------------------------------------------------------------------ Welcome, Ayihk420 the Ogre Berserker.
Trog says: Kill them all!
Press ? for a list of commands and other information.
Found the +∞ Axe of Woe.
Found four burning altars of Makhleb.
Found a staircase leading out of the dungeon.
h - the +∞ Axe of Woe
h - the +∞ Axe of Woe (weapon)
The bag of meat appears out of thin air!
A bag of meat comes into view. It is wielding a +9 war axe.
The bag of meat shouts!
You hear a shout! x9
You hear a shout! x6
A meat berserker comes into view. It is wielding a +9 battleaxe.
You hear a shout! x2
A meat berserker comes into view. It is wielding a +9 battleaxe.
There is a burning altar of Makhleb here.
You kneel at the altar of Makhleb.
You have lost your religion!
Trog does not appreciate desertion!
Makhleb welcomes you!
You hear a shout! x9
A meat berserker comes into view. It is wielding a +9 battleaxe.
The meat berserker shouts!
You hear a shout! x4
You hit the bag of meat.
You butcher the bag of meat messily.
You kill the bag of meat!
Makhleb accepts your kill.
You hear a shout! x7
The meat berserker hits you with a +9 battleaxe!!
Ouch! That really hurt!
You die...

...... ..... ..
#.... .# .. #.O.
..# ...###...
..###.
.......O###......
#......O._......
#@....# #_)<._#
#.....#
....._......
......###......
..###... ..###. .
#... ..# #... .#
..... ..


You could see 3 meat berserkers.

Vanquished Creatures
  An orc (D)
1 creature vanquished.

Notes
Turn   | Place    | Note
-------+----------+-------------------------------------------
     0 | D        | Found the +∞ Axe of Woe
     0 | D        | Ayihk420 the Ogre Berserker began the quest for the Orb.
     0 | D        | Reached XP level 1. HP: 24/24 MP: 1/1
     1 | D        | Noticed a bag of meat
     3 | D        | Noticed a meat berserker
     3 | D        | Noticed a meat berserker
     4 | D        | Fell from the grace of Trog
     4 | D        | Became a worshipper of Makhleb the Destroyer
     5 | D        | Noticed a meat berserker
     6 | D        | Killed a bag of meat
     6 | D        | Mangled by a meat berserker

Illustrated notes

Levels and vault maps discovered:
D:        meatsprint

Action                   || total
-------------------------++-------
Melee: Executioner's axe ||     1

Table legend: (Time is in decaauts)
 A = Elapsed time spent in this place.
 B = Non-inter-level travel time spent in this place.
 C = Inter-level travel time spent in this place.
 D = Time resting spent in this place.
 E = Time spent auto-exploring this place.
 F = Levels seen in this place.
 G = Mean time per level.
                   A        B        C        D        E       F      G
               +--------+--------+--------+--------+--------+-----+--------+
         Total |      5 |      5 |      0 |      0 |      0 |   1 |    5.0 |
       Dungeon |      5 |      5 |      0 |      0 |      0 |   1 |    5.0 |
               +--------+--------+--------+--------+--------+-----+--------+

Top non-repeatable levels by time:
       D: 5 daAuts
